 Dungeon Crawl Stone Soup version 0.31.0-9-g3a7656b989 (webtiles) character file.

Game seed: 8630311344854817671

1697487 RBrandon the Hermetic (level 25, 184/184 HPs)
             Began as a Demonspawn Alchemist on Jan 21, 2024.
             Was the Champion of Ru.
             Escaped with the Orb
             ... and 3 runes on Jan 25, 2024!
             The game lasted 05:26:30 (64340 turns).

RBrandon the Hermetic (Demonspawn Alchemist)       Turns: 64340, Time: 05:26:31

Health: 184/184    AC: 23    Str:  6    XL:     25   Next: 41%
Magic:  38/38      EV: 23    Int: 30    God:    Ru [******]
Gold:   3349       SH: 16    Dex: 23    Spells: 1/46 levels left

rFire   + + .        a - +9 demon blade (elec)
rCold   . . .        Q - +2 kite shield {AC+3}
rNeg    + . .        H - quicksilver dragon scales
rPois   +            V - +2 helmet
rElec   +            t - +2 cloak
rCorr   .            B - +2 pair of gloves
SInv    .            (boots unavailable)
Will    ++...        Z - dreamshard necklace {Acrobat *Dream} Stlth
                     n - ring "Awiobaru" {rF+ rN+ Int+2 Dex+3}
HPRegen 0.50/turn    O - ring of protection from fire
MPRegen 0.26/turn

%: inaccuracy (-5), acrobat
@: studying 2 skills
A: hooves 3, powered by death 3, powered by pain 3, inability to drink after
injury 2, no stealth, hated by all, cowardly, unskilled 1, missing an eye,
sturdy frame 3, corrupting presence 2, agile 2, clever 1, deformed body, poison
resistance, electricity resistance, teleportitis 1, weak 1
0: Orb of Zot
}: 3/15 runes: barnacled, silver, gossamer
a: Renounce Religion, Draw Out Power, Power Leap, Apocalypse


You escaped.
You worshipped Ru.
Ru was exalted by your worship.
You visited 9 branches of the dungeon, and saw 47 of its levels.
You also visited: Ossuary, Bailey and Ice Cave.

You collected 7645 gold pieces.
You spent 4296 gold pieces at shops.

Inventory:

Hand Weapons
 a - a +9 demon blade of electrocution (weapon)
   (You took it off a hell knight on level 2 of the Depths)
Missiles
 q - 2 throwing nets
 P - 5 curare-tipped darts
Armour
 t - a +2 cloak (worn)
 B - a +2 pair of gloves (worn)
 H - quicksilver dragon scales (worn)
 M - an orb of mayhem
   (You found it on level 9 of the Dungeon)
 Q - a +2 kite shield of protection (worn)
   (You took it off a gnoll sergeant on level 10 of the Dungeon)
 V - a +2 helmet (worn)
Magical Staves
 b - a staff of alchemy
Jewellery
 n - the ring "Awiobaru" (left hand) {rF+ rN+ Int+2 Dex+3}
   (You bought it in a shop on level 2 of the Orcish Mines)

   [ring of positive energy]

   Int+2:     It affects your intelligence (+2).
   Dex+3:     It affects your dexterity (+3).
   rF+:       It protects you from fire.
   rN+:       It protects you from negative energy.
 x - a ring of protection from fire
 L - an amulet of regeneration
 O - a ring of protection from fire (right hand)
 R - a ring of protection from cold
 X - the ring "Warydiul" {Will+ Dex+6}
   (You took it off a centaur warrior on level 14 of the Dungeon)

   [ring of dexterity]

   Dex+6:     It affects your dexterity (+6).
   Will+:     It increases your willpower.
 Z - the dreamshard necklace (around neck) {Acrobat *Dream}
   (You took it off a deep elf knight on level 3 of the Elven Halls)

   [amulet of the acrobat]

   *Dream:    It absorbs a single lethal wound into itself, holding its wearer
   just short of death and releasing dream-creatures to guard them.
   Acrobat:   It increases your evasion while moving and waiting.
Wands
 g - a wand of paralysis (36)
 k - a wand of roots (21)
 E - a wand of polymorph (15)
 J - a wand of light (24)
 S - a wand of digging (19)
 T - a wand of mindburst (11)
Scrolls
 c - 9 scrolls of fog
 e - 24 scrolls of teleportation
 f - 11 scrolls of fear
 i - 5 scrolls of vulnerability
 r - 13 scrolls of poison
 s - 6 scrolls of silence
 y - 8 scrolls of revelation
 F - 4 scrolls of immolation
 I - a scroll of acquirement
 U - 2 scrolls of torment
 W - a scroll of amnesia
Potions
 d - 3 potions of brilliance
 h - 7 potions of attraction
 j - 21 potions of curing
 l - 4 potions of cancellation
 m - 3 potions of magic
 o - 7 potions of enlightenment
 p - 5 potions of mutation
 u - 6 potions of lignification
 v - a potion of heal wounds
 w - 3 potions of resistance
 z - 7 potions of invisibility
 C - 6 potions of berserk rage
 G - 5 potions of ambrosia
 K - 4 potions of haste
 N - 5 potions of might
Miscellaneous
 D - a phial of floods
 Y - a tin of tremorstones (2/2)


   Skills:
 - Level 12.2 Fighting
 + Level 13.9 Long Blades
 - Level 12.0 Staves
 - Level 13.3 Armour
 - Level 15.5 Dodging
 - Level 13.1 Shields
 - Level 11.0 Spellcasting
 - Level 7.0 Conjurations
 - Level 7.0 Hexes
 - Level 6.9 Necromancy
 - Level 11.7 Translocations
 - Level 4.7 Fire Magic
 - Level 3.0 Air Magic
 - Level 17.4 Alchemy
 - Level 11.2 Evocations


You had one spell level left.
You knew the following spells:

 Your Spells              Type           Power      Damage    Failure   Level
a - Vhi's Electric Charg  Tloc/Air       100%       N/A       5%          4
b - Passage of Golubria   Tloc           72%        N/A       1%          4
c - Mephitic Cloud        Conj/Alch/Air  64%        N/A       1%          3
d - Sticky Flame          Fire/Alch      70%        2d11      1%          4
e - Olgreb's Toxic Radia  Alch           88%        N/A       1%          4
f - Irradiate             Conj/Alch      37%        3d24      1%          5
g - Sublimation of Blood  Necr           55%        N/A       1%          2
i - Petrify               Alch/Erth      62%        N/A       3%          4
j - Yara's Violent Unrav  Hex/Alch       37%        3d15      1%          5
k - Blink                 Tloc           100%       N/A       1%          2
l - Lesser Beckoning      Tloc           100%       N/A       1%          2
m - Dispersal             Tloc           36%        N/A       14%         6

Your spell library contained the following spells:

 Spells                   Type           Power      Damage    Failure   Level
 Apportation              Tloc           100%       N/A       1%          1
 Foxfire                  Conj/Fire      100%       2x1d9     1%          1
 Kiss of Death            Conj/Necr      100%       2d13      1%          1
 Magic Dart               Conj           100%       1d8       1%          1
 Necrotise                Necr           100%       1d9       1%          1
 Sting                    Conj/Alch      100%       1d9       1%          1
 Freeze                   Ice            64%        1d7       11%         1
 Sandblast                Erth           32%        2d9       11%         1
 Jinxbite                 Hex            100%       N/A       1%          2
 Mercury Vapours          Alch/Air       100%       N/A       1%          2
 Momentum Strike          Conj/Tloc      100%       3d10      1%          2
 Searing Ray              Conj           100%       2d8       1%          2
 Static Discharge         Conj/Air       92%        3-7/arc   1%          2
 Confusing Touch          Hex            56%        N/A       1%          3
 Dazzling Flash           Conj/Hex       100%       N/A       1%          3
 Fugue of the Fallen      Necr           55%        N/A       1%          3
 Gell's Gravitas          Tloc           72%        N/A       1%          3
 Teleport Other           Tloc           72%        N/A       1%          3
 Volatile Blastmotes      Fire/Tloc      100%       2d18      1%          3
 Fulminant Prism          Conj/Alch      37%        3d17      1%          4
 Manifold Assault         Tloc           72%        N/A       1%          4
 Alistair's Intoxication  Alch           58%        N/A       1%          5
 Scorch                   Fire           90%        2d8       2%          2
 Dimensional Bullseye     Hex/Tloc       32%        N/A       2%          4
 Iskenderun's Mystic Bla  Conj/Tloc      64%        2d13      2%          4
 Ensorcelled Hibernation  Hex/Ice        74%        N/A       3%          2
 Leda's Liquefaction      Alch/Erth      31%        N/A       3%          4
 Anguish                  Hex/Necr       27%        N/A       6%          4
 Cause Fear               Hex            28%        N/A       6%          4
 Dispel Undead            Necr           55%        3d20      6%          4
 Hailstorm                Conj/Ice       37%        3d9       8%          3
 Stone Arrow              Conj/Erth      74%        3d11      8%          3
 Flame Wave               Conj/Fire      51%        2d13      10%         4
 Brom's Barrelling Bould  Conj/Erth      37%        2d6       26%         4
 Airstrike                Air            17%        2d(3-19)  30%         4
 Frozen Ramparts          Ice            32%        1d5       32%         3
 Ozocubu's Armour         Ice            16%        N/A       32%         3
 Passwall                 Erth           16%        N/A       32%         3
 Arcjolt                  Conj/Air       23%        1d33      36%         5
 Silence                  Hex/Air        23%        N/A       36%         5
 Metabolic Englaciation   Hex/Ice        18%        N/A       56%         5
 Borgnjor's Vile Clutch   Necr/Erth      18%        N/A       58%         5
 Starburst                Conj/Fire      25%        6d8       83%         6
 Conjure Ball Lightning   Conj/Air       23%        3x3d6     91%         6
 Lee's Rapid Deconstruct  Erth           8%         3d7*      96%         5
 Bombard                  Conj/Erth      18%        9d4       98%         6
 Plasma Beam              Fire/Air       19%        2x1d31    98%         6
 Enfeeble                 Hex            28%        N/A       99%         7
 Orb of Destruction       Conj           27%        9d9       99%         7
 Disjunction              Tloc           36%        N/A       99%         8
 Ozocubu's Refrigeration  Ice            8%         4d9       100%        7
 Discord                  Hex            28%        N/A       100%        8
 Ignition                 Fire           22%        3d8       100%        8
 Lehudib's Crystal Spear  Conj/Erth      18%        10d6      100%        8
 Death's Door             Necr           27%        N/A       100%        9
 Polar Vortex             Ice            8%         12d1*     100%        9
 Summon Small Mammal      Summ           Unusable   N/A       N/A         1
 Tukima's Dance           Hex            Unusable   N/A       N/A         3
 Summon Ice Beast         Ice/Summ       Unusable   N/A       N/A         3
 Summon Blazeheart Golem  Fire/Summ      Unusable   N/A       N/A         4
 Sculpt Simulacrum        Ice/Alch       Unusable   N/A       N/A         6
 Summon Mana Viper        Hex/Summ       Unusable   N/A       N/A         5
 Summon Cactus Giant      Summ           Unusable   N/A       N/A         6
 Spellforged Servitor     Conj/Summ      Unusable   N/A       N/A         7

Dungeon Overview and Level Annotations

Branches:
Dungeon (15/15)            Temple (0/1) D:4            Lair (5/5) D:10
 Shoals (4/4) Lair:3       Spider (4/4) Lair:2        Slime (0/5) Lair:5
    Orc (2/2) D:9             Elf (3/3) Orc:2        Vaults (5/5) D:14
  Crypt (0/3) Vaults:2     Depths (4/4) D:15            Zot (5/5) Depths:4
Ossuary (visited)          Bailey (visited)           IceCv (visited)

Altars:
Cheibriados
Makhleb
Okawaru
Ru
Uskayaw
Vehumet
Wu Jian
Lugonu

Shops:
D:1 :   D:2 ?(   D:9 ?!*   D:11 ?   D:12 !   Orc:2 *?(:![([[   Shoals:2 !
Vaults:4 =*(?   Depths:2 *[*(*

Portals:
Hell: Depths:1 Depths:2 Depths:3 Depths:4
Abyss: Depths:1 Depths:2 Depths:3 Depths:4
Pandemonium: Depths:1 Depths:2
Ziggurat: Depths:2

Annotations:
D:6 2 transporters, occam's ghost, novice OpSh
D:7 Joseph
Lair:1 6 runed translucent doors
Elf:2 3 runed translucent doors
Depths:1 Josephina


Innate Abilities, Weirdness & Mutations

You have hooves in place of feet.
You regenerate a lot of health from kills.
You are powered by pain.
You sometimes lose the ability to drink potions when taking damage.
You cannot be stealthy.
You are hated by all.
Your cowardice makes you less effective in combat with threatening foes.
You are somewhat unskilled. (-1 Apt)
You are missing an eye, making it more difficult to aim.
Your movements are significantly less encumbered by armour. (ER -6)
Your presence sometimes corrodes or deforms those you injure.
You are very agile. (Dex +8, Str/Int -2)
Your mind is acute. (Int +4, Str/Dex -1)
Armour fits poorly on your strangely shaped body.
Your system is resistant to poisons. (rPois)
You are resistant to electric shocks. (rElec)
You are occasionally teleported next to monsters.
You are weak. (Str -2)


Message History

The Orb Guardian burns!
The Orb Guardian completely misses you.
You closely miss the Orb Guardian. You kick the Orb Guardian.
The Orb Guardian is heavily wounded.
The Orb Guardian is stunned by your conviction and fails to attack.
You closely miss the Orb Guardian. You kick the Orb Guardian.
The Orb Guardian is heavily wounded.
The Orb Guardian burns!
The Orb Guardian closely misses you.
You slice the Orb Guardian!! Your kick misses the Orb Guardian.
The Orb Guardian is almost dead.
The Orb Guardian burns!
You kill the Orb Guardian!
Your tin of tremorstones (2/2) has regained one charge.
You climb upwards.
Level annotation: 2 transporters, occam's ghost, novice OpSh
There is a stone staircase leading down here.
You see here a +0 long sword.
HP restored.
You feel less exhausted.
There is a stone staircase leading up here.
You climb upwards.
There is a stone staircase leading down here.
Magic restored.
There is a stone staircase leading up here.
You climb upwards.
There is a stone staircase leading down here.
There is a stone staircase leading up here.
You climb upwards.
There is a stone staircase leading down here.
There is a stone staircase leading up here.
You climb upwards.
There is a stone staircase leading down here.
There is a stone staircase leading up here.
You climb upwards.
There is a stone staircase leading down here.
There is an open door here.
There is an abandoned shop here.
There is an abandoned shop here.
There is an abandoned shop here.
There is a staircase leading out of the dungeon here.
You have escaped!

..##########∩.....∩#....#.#.#....
..##....# #∩.....###.....#......
..##....# #∩.....###.....####...
..##....# ##.....∩##............
........# #.....∩##....###.....
........### ##...###.....+.+....÷
...#'##.).# #...# #.....##.♣.♣.♣
......'...#####..# #.....#.♣...♣.
......#...'.# ##@# #.....#♣.♣.♣.♣
......#...#.# #####.........♣...
......#####.# #..........♣.♣.♣.♣
...####.....####...........♣...♣.
...)..#.......##..........♣.♣.♣.♣
..(...#......................♣...
##....#...................♣.♣.♣.♣
#....######...............♣...♣.
#....# #....#+##......♣.♣.♣.♣


There were no monsters in sight!

Vanquished Creatures
  A dread lich (Vaults:5)
  A pandemonium lord (Zot:4)
  Frederick (Depths:3)
  3 orbs of fire
  Xtahua (Depths:3)
  Vv (Zot:1)
  3 curse toes
  Saint Roka (Orc:2)
  7 golden dragons
  Nikola (Vaults:3)
  2 bone dragons (Depths:4)
  An electric golem (Zot:1)
  11 tentacled monstrosities
  Arachne (Spider:2)
  3 doom hounds (Zot:1)
  Zenata (Vaults:2)
  Grunn (Zot:1)
  Jorgrun (Orc:2)
  4 Orb Guardians
  Rupert (D:13)
  Mlioglotl (Shoals:1)
  4 titans
  A walking divine tome (Depths:3)
  8 quicksilver dragons
  10 sphinxes
  5 liches
  2 deep elf blademasters (Elf:3)
  2 krakens
  Polyphemus (Shoals:2)
  2 deep elf master archers (Elf:3)
  An ancient champion (Vaults:2)
  9 death cobs
  11 shadow dragons
  Frances (Spider:2)
  9 tengu reavers
  Aizul (Spider:2)
  3 protean progenitors
  The ghost of Honosyedgha the Warrior, an adept GrBe of Trog (Spider:3)
  9 storm dragons
  8 draconian knights
  11 fire giants
  7 draconian monks
  3 draconian shifters
  An iron dragon (Depths:4)
  A balrug (Depths:3)
  4 draconian scorchers
  15 frost giants
  17 vault wardens
  4 deep elf sorcerers
  7 ghost moths
  3 draconian stormcallers
  4 deep elf elementalists (Elf:3)
  5 emperor scorpions
  2 orc warlords
  2 spriggan defenders (Depths:2)
  20 ironbound preservers
  3 draconian annihilators
  2 reapers (IceCv)
  4 formless jellyfish
  20 very ugly things
  13 stone giants
  8 broodmothers
  A vampire knight (Depths:4)
  7 ironbound thunderhulks
  2 dire elephants
  6 green draconians
  A lorocyproca (Zot:4)
  Azrael (Elf:2)
  9 deep elf demonologists
  9 black draconians
  12 red draconians
  7 deep elf death magi
  4 deep elf annihilators
  A minotaur (Shoals:4)
  7 yellow draconians
  13 purple draconians
  10 spark wasps
  7 white draconians
  4 war gargoyles
  2 merfolk impalers
  7 fire dragons
  3 merfolk javelineers
  4 ettins
  Fannar (D:12)
  An entropy weaver (Spider:4)
  2 crystal guardians
  17 yaktaur captains
  4 deep elf high priests
  3 caustic shrike simulacra (IceCv)
  2 peacekeepers
  A rakshasa (Depths:4)
  9 ice dragons
  7 spriggan air magi
  31 vault guards
  8 hydras
  Erica (Orc:1)
  8 great orbs of eyes
  5 ogre magi
  3 merfolk avatars
  19 centaur warriors
  6 ironbound frosthearts
  A merfolk aquamancer (Shoals:2)
  4 catoblepae
  2 alligators (Zot:1)
  A jorogumo (Spider:2)
  2 death scarabs (Spider:3)
  A death knight (D:14)
  6 boulder beetles
  An alligator snapping turtle (Shoals:4)
  8 satyrs (Shoals:4)
  12 two-headed ogres
  2 radroaches (Spider:3)
  8 deep troll earth magi
  6 deep troll shamans
  9 tengu warriors
  11 death yaks
  6 spriggan berserkers
  15 dancing weapons
  7 demonic crawlers
  3 orc high priests
  A titan zombie (Depths:1)
  A vampire mage (Depths:3)
  3 occultists
  A storm dragon zombie (Depths:1)
  11 hell knights
  2 skysharks
  28 deep elf knights
  A sixfirhy (D:7)
  5 spriggans
  A shadow wraith (Vaults:5)
  Nergalle (Lair:2)
  A storm dragon skeleton (Depths:1)
  7 iron trolls
  A fire crab (shapeshifter) (Elf:2)
  A salamander mystic (D:15)
  A skyshark (shapeshifter) (Vaults:4)
  A spark wasp zombie (Depths:1)
  6 pharaoh ants
  A golden dragon zombie (Depths:1)
  10 orb spiders
  10 skeletal warriors
  A fire crab (Vaults:2)
  A cherub (D:14)
  6 large abominations (Depths:1)
  A deep troll (shapeshifter) (Vaults:5)
  A bog body (IceCv)
  66 deep trolls
  2 sun moths
  3 spriggan simulacra
  2 glowing orange brains
  6 sea snakes
  5 arcanists
  14 ironbound convokers
  4 necromancers
  18 deep elf archers
  32 harpies
  A spectral wolf spider (Spider:3)
  7 steelbarb worms
  6 phantasmal warriors
  7 lindwurms
  A steelbarb worm (shapeshifter) (Vaults:5)
  19 wolf spiders
  29 deep elf zephyrmancers
  7 orc knights
  41 deep elf pyromancers
  2 obsidian statues (IceCv)
  10 cyclopes
  5 orc sorcerers
  32 ugly things
  19 manticores
  12 fauns
  21 moths of wrath
  4 merfolk sirens
  A tengu skeleton (Vaults:2)
  6 elephants (Lair:3)
  4 kobold blastminers
  6 vault sentinels
  7 meliai
  A meliai (shapeshifter) (D:14)
  4 black mambas
  5 water nymphs
  A frost giant skeleton (Vaults:2)
  A rust devil (D:14)
  8 cane toads
  4 human skeletons (Vaults:2)
  3 gargoyles
  8 torpor snails
  5 unseen horrors
  A water nymph (shapeshifter) (Depths:4)
  2 hellions
  Jeremiah (D:7)
  A rime drake (Lair:2)
  An emperor scorpion simulacrum (Spider:3)
  8 freezing wraiths
  A rime drake (shapeshifter) (D:14)
  3 kobold demonologists
  An anaconda simulacrum (IceCv)
  2 efreet (D:14)
  10 komodo dragons
  39 yaktaurs
  6 tengu conjurers
  A spark wasp simulacrum (Depths:2)
  Psyche (D:10)
  8 trolls
  2 golden dragon simulacra (IceCv)
  25 merfolk
  4 wind drakes
  3 polar bears
  A merfolk (shapeshifter) (Vaults:5)
  A hornet (shapeshifter) (Elf:3)
  A tengu simulacrum (Depths:2)
  22 blink frogs
  8 hornets
  30 tarantellas
  A fire giant simulacrum (Depths:2)
  12 dream sheep
  7 snapping turtles
  A dream sheep (shapeshifter) (Vaults:5)
  Prince Ribbit (Bailey)
  32 slime creatures
  34 jumping spiders
  54 yaks
  2 shadows (D:9)
  25 culicivoras
  A wraith (D:14)
  An air elemental (Elf:1)
  A dire elephant simulacrum (IceCv)
  A spriggan (shapeshifter) (D:15)
  3 vampires
  3 wyverns
  14 water elementals
  4 small abominations (Depths:1)
  7 fire elementals
  3 golden eyes (D:7)
  4 wargs
  7 humans
  80 redbacks
  2 steam dragons
  An elf skeleton (Vaults:2)
  4 basilisks
  A minotaur simulacrum (IceCv)
  2 chaos spawn
  14 vampire mosquitoes
  A naga (shapeshifter) (Elf:2)
  Menkaure (D:4)
  A harpy simulacrum (IceCv)
  5 hell hounds (Elf:2)
  15 water moccasins
  2 hydra simulacra (IceCv)
  A sky beast (shapeshifter) (D:13)
  38 orc warriors
  A black bear (shapeshifter) (Vaults:5)
  3 ettin simulacra (IceCv)
  4 black bears
  4 boggarts (D:15)
  7 wolves
  14 ogres
  5 centaurs
  A centaur (shapeshifter) (Depths:1)
  7 kobold brigands
  A gnoll sergeant (D:10)
  24 bullfrogs
  3 scorpions (D:5)
  2 earth elementals
  An entropy weaver simulacrum (Spider:3)
  A glowing shapeshifter simulacrum (Depths:2)
  2 electric eels (Spider:3)
  A howler monkey (D:11)
  6 jellies
  19 orc priests
  3 bombardier beetles
  4 hounds
  4 iguanas
  A sleepcap (D:8)
  31 orc wizards
  2 mummies (Ossuary)
  6 gnolls
  6 adders
  2 howler monkey zombies (Ossuary)
  3 white imps
  2 ufetubi (D:6)
  2 dart slugs
  A ribbon worm (D:5)
  106 orcs
  9 ball pythons
  5 bats
  3 endoplasms
  5 giant cockroaches
  6 goblins
  8 hobgoblins
  6 quokkas
  5 frilled lizards
  A goblin zombie (D:4)
  31 kobolds
  5 rats
  A fulminant prism (D:14)
  A spectral weapon (Depths:1)
  6 tentacles
2124 creatures vanquished.

Vanquished Creatures (others)
  2 golden dragons
  A tentacled monstrosity (Vaults:5)
  An Orb Guardian (Zot:5)
  Asterion (Depths:1)
  A death cob (Zot:1)
  A frost giant (Depths:2)
  A ghost moth (Spider:4)
  A balrug (Depths:3)
  A broodmother (Spider:4)
  A vampire knight (Depths:2)
  A stone giant (Depths:2)
  A white draconian (Zot:4)
  A red draconian (Zot:4)
  A great orb of eyes (Vaults:2)
  A vault guard (Vaults:5)
  A hell knight (Depths:2)
  A deep troll earth mage (Depths:1)
  A deep elf knight (Elf:1)
  A sea snake (Shoals:1)
  3 deep trolls
  A sun moth (Spider:1)
  A lindwurm (Vaults:1)
  A deep elf archer (Vaults:5)
  A deep elf zephyrmancer (Elf:1)
  A phantasmal warrior (Vaults:5)
  4 deep elf pyromancers
  2 fauns
  A tengu skeleton (Vaults:2)
  A manticore (Shoals:2)
  2 ugly things
  2 large abominations (Depths:1)
  A wolf spider (Spider:1)
  A merfolk siren (Shoals:3)
  A human skeleton (Vaults:2)
  A vault sentinel (Vaults:5)
  A cane toad (Lair:5)
  2 yaktaurs
  A yaktaur skeleton (Vaults:2)
  A merfolk (Shoals:4)
  A jumping spider (Spider:1)
  A yak (Lair:5)
  A spectral entropy weaver (Spider:3)
  3 orc warriors
  A bullfrog (D:6)
  An orc wizard (Orc:2)
  2 orcs (Orc:2)
  242 fulminant prisms
  2 tentacles (Shoals:2)
303 creatures vanquished.

Grand Total: 2427 creatures vanquished

Notes
Turn   | Place    | Note
-------+----------+-------------------------------------------
     0 | D:1      | RBrandon the Demonspawn Alchemist began the quest for the
                  | Orb.
     0 | D:1      | Reached XP level 1. HP: 13/13 MP: 3/3
   344 | D:1      | Gained mutation: You regenerate a little health from kills.
                  | [demonic ancestry]
   344 | D:1      | Reached XP level 2. HP: 19/19 MP: 3/5
   532 | D:1      | Learned a level 2 spell: Mercury Vapours
  1149 | D:1      | Found a faded altar of an unknown god.
  1213 | D:1      | Gained mutation: You have large cloven feet. [demonic
                  | ancestry]
  1213 | D:1      | Reached XP level 3. HP: 24/24 MP: 3/7
  1261 | D:1      | Learned a level 3 spell: Mephitic Cloud
  1314 | D:1      | Found Kaklerus's Book Shoppe.
  1449 | D:2      | Found Tuziasem's Antique Weapon Shoppe.
  1465 | D:2      | Reached skill level 1 in Air Magic
  2071 | D:2      | Found Itrudal's Magic Scroll Emporium.
  2074 | D:2      | Bought a scroll of teleportation for 42 gold pieces
  2515 | D:3      | Found a sacrificial altar of Ru.
  2556 | D:3      | Reached skill level 4 in Alchemy
  2556 | D:3      | Gained mutation: Your movements are slightly less
                  | encumbered by armour. (ER -2) [demonic ancestry]
  2556 | D:3      | Reached XP level 4. HP: 30/30 MP: 4/8
  2638 | D:3      | Became a worshipper of Ru the Awakened
  3249 | D:4      | Reached skill level 5 in Alchemy
  3249 | D:4      | Reached XP level 5. HP: 31/35 MP: 3/9
  3407 | D:4      | Found a staircase to the Ecumenical Temple.
  3412 | D:4      | Noticed Menkaure
  3419 | D:4      | Learned a level 4 spell: Sticky Flame
  3449 | D:4      | Reached skill level 1 in Fire Magic
  3750 | D:4      | You fall into a shaft and drop 1 floor!
  3750 | D:5      | Entered Level 5 of the Dungeon
  3831 | D:4      | Found a sand-covered staircase.
  3842 | Ossuary  | Entered an ossuary
  3842 | Ossuary  | Found a huge runed translucent gate.
  3842 | Ossuary  | Found a huge runed translucent gate.
  3842 | Ossuary  | Found a huge runed translucent gate.
  3842 | Ossuary  | Found a huge runed translucent gate.
  3842 | Ossuary  | Found a huge runed translucent gate.
  3842 | Ossuary  | Found a huge runed translucent gate.
  3842 | Ossuary  | Found a huge runed translucent gate.
  3842 | Ossuary  | Found a huge runed translucent gate.
  3842 | Ossuary  | Found a huge runed translucent gate.
  3843 | Ossuary  | Found a huge runed translucent gate.
  3843 | Ossuary  | Found a huge runed translucent gate.
  3844 | Ossuary  | Found a huge runed translucent gate.
  3844 | Ossuary  | Found a huge runed translucent gate.
  3848 | Ossuary  | Found a huge runed translucent gate.
  3848 | Ossuary  | Found a huge runed translucent gate.
  3861 | Ossuary  | Found a huge runed translucent gate.
  3861 | Ossuary  | Found a huge runed translucent gate.
  3861 | Ossuary  | Found a huge runed translucent gate.
  3861 | Ossuary  | Found a huge runed translucent gate.
  3861 | Ossuary  | Found a huge runed translucent gate.
  3862 | Ossuary  | Found a huge runed translucent gate.
  3862 | Ossuary  | Found a huge runed translucent gate.
  3864 | Ossuary  | Found a huge runed translucent gate.
  3864 | Ossuary  | Found a huge runed translucent gate.
  3865 | Ossuary  | Found a huge runed translucent gate.
  3865 | Ossuary  | Found a huge runed translucent gate.
  3867 | Ossuary  | Found a huge runed translucent gate.
  3867 | Ossuary  | Found a huge runed translucent gate.
  3907 | Ossuary  | Gained mutation: Your cowardice makes you less effective in
                  | combat with threatening foes. [Ru sacrifice]
  3907 | Ossuary  | Reached * piety under Ru
  3915 | Ossuary  | Found a huge runed translucent gate.
  3915 | Ossuary  | Found a huge runed translucent gate.
  3916 | Ossuary  | Found a huge runed translucent gate.
  3916 | Ossuary  | Found a huge runed translucent gate.
  3916 | Ossuary  | Found a huge runed translucent gate.
  3916 | Ossuary  | Found a huge runed translucent gate.
  3916 | Ossuary  | Found a huge runed translucent gate.
  4211 | D:5      | Reached XP level 6. HP: 40/41 MP: 5/10
  4878 | D:5      | Gained mutation: Your movements are less encumbered by
                  | armour. (ER -4) [demonic ancestry]
  4878 | D:5      | Reached XP level 7. HP: 38/46 MP: 3/11
  5166 | D:5      | Reached skill level 6 in Alchemy
  5633 | D:5      | Found an ornate altar of the Wu Jian Council.
  5633 | D:5      | Found a basalt altar of Yredelemnul.
  5942 | D:6      | Reached skill level 7 in Alchemy
  6370 | D:6      | Found a transporter.
  6371 | D:6      | Noticed a vampire
  6375 | D:6      | Noticed occam's ghost (novice OpSh)
  6404 | D:6      | Found a transporter.
  6495 | D:6      | Reached skill level 8 in Alchemy
  6500 | D:6      | Reached XP level 8. HP: 31/52 MP: 2/12
  7380 | D:7      | Noticed Jeremiah
  7477 | D:7      | Gained mutation: You occasionally lose the ability to drink
                  | potions when taking damage. [Ru sacrifice]
  7477 | D:7      | Gained mutation: You sometimes lose the ability to drink
                  | potions when taking damage. [Ru sacrifice]
  7477 | D:7      | Reached ** piety under Ru
  7650 | D:7      | Reached skill level 9 in Alchemy
  8340 | D:7      | Learned a level 4 spell: Olgreb's Toxic Radiance
  8363 | D:7      | Noticed Joseph
  8379 | D:7      | Killed Jeremiah
  8380 | D:7      | Reached skill level 5 in Fire Magic
  8572 | D:8      | Reached skill level 1 in Shields
  8572 | D:8      | Gained mutation: Your movements are significantly less
                  | encumbered by armour. (ER -6) [demonic ancestry]
  8572 | D:8      | Reached XP level 9. HP: 47/57 MP: 10/15
  8698 | D:8      | Reached skill level 5 in Shields
  8779 | D:8      | Identified the +5 ring mail of the Solstice {rCorr Dex+3
                  | Stlth+}
  8869 | D:8      | Noticed a centaur warrior
  8879 | D:8      | Killed a centaur warrior
  8972 | D:8      | Noticed an unseen horror
  9233 | D:8      | Killed an unseen horror
  9279 | D:8      | Gained mutation: You have hoof-like feet. [demonic
                  | ancestry]
  9279 | D:8      | Reached XP level 10. HP: 63/63 MP: 11/16
  9677 | D:9      | Reached skill level 5 in Dodging
  9731 | D:9      | Found a hide-covered altar of Uskayaw.
  9768 | D:9      | Reached skill level 5 in Armour
  9843 | D:9      | Found Bomauvvi's Distillery.
  9848 | D:9      | Bought a potion of berserk rage for 65 gold pieces
  9848 | D:9      | Bought a potion of curing for 39 gold pieces
  9848 | D:9      | Bought a potion of curing for 39 gold pieces
  9869 | D:9      | Found a staircase to the Orcish Mines.
  9881 | D:9      | Reached skill level 1 in Fighting
  9962 | D:9      | Noticed a two-headed ogre
 10072 | D:9      | Found Qotrakk's Magic Scroll Shop.
 10086 | D:9      | Bought a scroll of blinking for 97 gold pieces
 10086 | D:9      | Bought a scroll of blinking for 97 gold pieces
 10088 | D:9      | Got Zaunir's Annotations on Energetic Glaciation
 10149 | D:9      | Gained mutation: You cannot be stealthy. [Ru sacrifice]
 10149 | D:9      | Reached *** piety under Ru
 10155 | D:9      | Found a flagged portal.
 10165 | Bailey   | Entered a bailey
 10264 | Bailey   | Reached skill level 5 in Fighting
 10346 | Bailey   | Noticed a vault guard
 10346 | Bailey   | Noticed Prince Ribbit
 10370 | Bailey   | Killed a vault guard
 10374 | Bailey   | Killed Prince Ribbit
 10405 | Bailey   | Identified a scroll of acquirement
 10410 | D:9      | Upgraded the game from 0.31.0-2-g5a2aebc5c2 to
                  | 0.31.0-4-g52a2dc7128
 10566 | D:9      | Killed a two-headed ogre
 10567 | D:9      | Reached XP level 11. HP: 86/86 MP: 5/17
 10685 | D:9      | Found Jaexasm's Assorted Antiques.
 11035 | D:10     | Entered Level 10 of the Dungeon
 11045 | D:10     | Noticed Psyche
 11372 | D:10     | Found a staircase to the Lair.
 11386 | Lair:1   | Entered Level 1 of the Lair of Beasts
 11510 | Lair:1   | Reached skill level 10 in Alchemy
 12063 | Lair:1   | Reached skill level 11 in Alchemy
 12273 | Lair:1   | Acquired a book of Transmutation
 12281 | Lair:1   | Learned a level 5 spell: Irradiate
 12882 | Lair:1   | Found a runed translucent door.
 13076 | Lair:1   | Found a runed translucent gate.
 13079 | Lair:1   | Noticed a boulder beetle
 13080 | Lair:1   | Found a runed translucent gate.
 13081 | Lair:1   | Found a runed translucent gate.
 13081 | Lair:1   | Found a runed translucent gate.
 13081 | Lair:1   | Found a runed translucent gate.
 13081 | Lair:1   | Identified the +1 hat of Wrong Decisions {+Blink Str-5
                  | Dex+3 SInv}
 13081 | Lair:1   | Noticed a lindwurm
 13081 | Lair:1   | Noticed a wolf spider
 13081 | Lair:1   | Noticed a lindwurm
 13086 | Lair:1   | Killed a wolf spider
 13135 | Lair:1   | Found a runed translucent gate.
 13255 | Lair:2   | Noticed a five-headed hydra
 13261 | Lair:2   | Gained mutation: You are somewhat unskilled. (-1 Apt) [Ru
                  | sacrifice]
 13261 | Lair:2   | Reduced skill Alchemy to level 10
 13261 | Lair:2   | Reached **** piety under Ru
 13266 | Lair:2   | Killed a five-headed hydra
 13273 | Lair:2   | Reached skill level 5 in Conjurations
 13351 | Lair:2   | Noticed Nergalle
 13362 | Lair:2   | Killed Nergalle
 13507 | Lair:2   | Gained mutation: You have hooves in place of feet. [demonic
                  | ancestry]
 13507 | Lair:2   | Reached XP level 12. HP: 90/91 MP: 18/18
 13751 | Lair:2   | Got Roxtevan's Opusculum on the Blizzard
 13752 | Lair:2   | Found a hole to the Spider Nest.
 13819 | Lair:2   | Reached skill level 5 in Spellcasting
 14014 | Lair:2   | Learned a level 2 spell: Sublimation of Blood
 14639 | Lair:3   | Reached skill level 1 in Necromancy
 14659 | Lair:3   | Noticed a four-headed hydra
 14729 | Lair:3   | Reached skill level 5 in Necromancy
 14849 | Lair:3   | Killed a four-headed hydra
 15131 | Lair:3   | Found a staircase to the Shoals.
 15259 | Lair:3   | Gained mutation: You sometimes gain a little power by
                  | taking damage. [demonic ancestry]
 15259 | Lair:3   | Reached XP level 13. HP: 84/96 MP: 24/24
 15275 | Lair:3   | Learned a level 4 spell: Fulminant Prism
 16392 | Lair:4   | Identified the +0 leather armour "Anedghim" {rPois rF- rC-
                  | SInv}
 16850 | Lair:5   | Entered Level 5 of the Lair of Beasts
 16851 | Lair:5   | Found a staircase to the Slime Pits.
 17126 | Lair:5   | Reached skill level 5 in Dodging
 17207 | Lair:5   | Reached skill level 5 in Shields
 17229 | Lair:5   | Reached skill level 5 in Armour
 17482 | Lair:5   | Found a viscous altar of Jiyva.
 18000 | Lair:5   | Gained mutation: You sometimes gain power by taking damage.
                  | [demonic ancestry]
 18000 | Lair:5   | Reached XP level 14. HP: 103/103 MP: 27/27
 18057 | Lair:5   | Identified the +6 shortbow "Newtbane" {flame, ^Fragile rN+
                  | SInv}
 18288 | D:10     | Identified the +6 dagger of the Irksome God {holy, +Blink
                  | Stlth+}
 18371 | D:10     | Killed Psyche
 18590 | D:10     | Gained mutation: You are missing an eye, making it more
                  | difficult to aim. [Ru sacrifice]
 18590 | D:10     | Reached ***** piety under Ru
 19073 | Orc:1    | Entered Level 1 of the Orcish Mines
 19073 | Orc:1    | Noticed Erica
 19082 | Orc:1    | Killed Erica
 19261 | Orc:2    | Entered Level 2 of the Orcish Mines
 19261 | Orc:2    | Found Kaafiv's Book Shop.
 19261 | Orc:2    | Found Eliqol's Antique Weapon Shoppe.
 19272 | Orc:2    | Reached skill level 11 in Alchemy
 19284 | Orc:2    | Found Fuex's Distillery.
 19429 | Orc:2    | Noticed Saint Roka
 19469 | Orc:2    | Killed Saint Roka
 19470 | Orc:2    | Reached skill level 12 in Alchemy
 19550 | Orc:2    | Found Ociataz's Antique Armour Boutique.
 19554 | Orc:2    | Found Xuekhabb's Antique Weapon Shop.
 19560 | Orc:2    | Bought a heavily runed scale mail for 252 gold pieces
 19560 | Orc:2    | Identified the +2 scale mail of Dithmenos, Telling {rC+ rN+
                  | Dex+3} (You bought it in a shop on level 2 of the Orcish
                  | Mines)
 19647 | Orc:2    | Noticed an orc warlord
 19657 | Orc:2    | Killed an orc warlord
 19707 | Orc:2    | Found Aklogal's General Store.
 19724 | Orc:2    | Bought the ring "Awiobaru" {rF+ rN+ Int+2 Dex+3} for 756
                  | gold pieces
 19833 | Orc:2    | Found Eply's Magic Scroll Boutique.
 19941 | Orc:2    | Noticed Jorgrun
 19959 | Orc:2    | Killed Jorgrun
 19998 | Orc:2    | Found Ronyut's Armour Shop.
 20008 | Orc:2    | Found a staircase to the Elven Halls.
 20032 | Orc:2    | Bought a +1 pair of gloves for 115 gold pieces
 20216 | Orc:2    | Found Jeitadett's Antique Armour Shoppe.
 20218 | Orc:2    | Reached skill level 13 in Alchemy
 20572 | Orc:1    | Paralysed by an orc sorcerer for 4 turns
 20764 | Orc:1    | Found a radiant altar of Vehumet.
 20899 | Orc:2    | Bought a potion of haste for 170 gold pieces
 21474 | D:11     | Gained mutation: You are hated by all. [Ru sacrifice]
 21474 | D:11     | Reached ****** piety under Ru
 21655 | D:11     | Found The Oracle's Delphic Readings.
 22120 | D:12     | Noticed Fannar
 22126 | D:12     | Killed Fannar
 22284 | D:12     | Found Ochaph's Distillery.
 22348 | D:12     | Reached XP level 15. HP: 110/110 MP: 20/28
 23465 | D:13     | Noticed Rupert
 23475 | D:13     | Killed Rupert
 24091 | D:14     | Found a gate to the Vaults.
 24827 | D:14     | Identified the +7 rapier of Tender Mercy {antimagic, rN+}
 24827 | D:14     | Identified the ring "Warydiul" {Will+ Dex+6}
 24944 | D:14     | Identified the +5 hand axe "Lylam" {flame, rF+ rC+ Str+3
                  | Dex-4}
 25098 | D:14     | Got Sif Muna's Lectures on the Atmosphere and the Evil Eye
 25439 | D:14     | Found a burning altar of Makhleb.
 25689 | D:15     | Entered Level 15 of the Dungeon
 26569 | D:15     | Found a staircase to the Depths.
 26750 | Spider:1 | Entered Level 1 of the Spider Nest
 26757 | Spider:1 | Gained mutation: You regenerate health from kills. [demonic
                  | ancestry]
 26757 | Spider:1 | Reached XP level 16. HP: 120/120 MP: 26/29
 27528 | Spider:1 | Reached skill level 10 in Fighting
 27668 | Spider:2 | Noticed Arachne
 27895 | Spider:2 | Killed Arachne
 28042 | Spider:2 | Reached skill level 1 in Evocations
 28392 | Spider:2 | Noticed Frances
 28409 | Spider:2 | Killed Frances
 28427 | Spider:2 | Identified the serpent talisman "Urghaf" {rElec rN+++ Will+
                  | Dex-5}
 28427 | Spider:2 | Noticed Aizul
 28439 | Spider:2 | Killed Aizul
 28692 | Spider:3 | Noticed Honosyedgha's ghost (adept GrBe)
 28698 | Spider:3 | Reached skill level 5 in Evocations
 28886 | Spider:3 | Found a transporter.
 29154 | Spider:3 | Found a glacial archway.
 29172 | IceCv    | Entered an ice cave
 29714 | IceCv    | Gained mutation: You regenerate a lot of health from kills.
                  | [demonic ancestry]
 29714 | IceCv    | Reached XP level 17. HP: 97/128 MP: 25/30
 30225 | Spider:3 | Found a transporter.
 30456 | Spider:4 | Entered Level 4 of the Spider Nest
 30609 | Spider:4 | Got Untoxoyk's Volume of Bones and Assaults
 30649 | Spider:4 | Reached skill level 14 in Alchemy
 30904 | Spider:4 | Reached skill level 15 in Alchemy
 31506 | Spider:4 | Reached skill level 16 in Alchemy
 31676 | Spider:4 | Got a gossamer rune of Zot
 31943 | Shoals:1 | Entered Level 1 of the Shoals
 32116 | Shoals:1 | Noticed Mlioglotl
 32134 | Shoals:1 | Killed Mlioglotl
 32304 | Shoals:1 | Identified the +1 falchion of Xom {freeze, Dex+5}
 32331 | Shoals:1 | Reached skill level 10 in Dodging
 32661 | Shoals:1 | Reached XP level 18. HP: 121/135 MP: 18/31
 32871 | Shoals:1 | Reached skill level 10 in Shields
 33016 | Shoals:2 | Noticed Polyphemus
 33028 | Shoals:2 | Killed Polyphemus
 33449 | Shoals:2 | Found Nifraank's Distillery.
 33452 | Shoals:2 | Bought a potion of heal wounds for 65 gold pieces
 33452 | Shoals:2 | Bought a potion of resistance for 130 gold pieces
 34043 | Shoals:3 | Identified the +2 short sword of the Aged Knaves {spect,
                  | rC+}
 34294 | Shoals:4 | Entered Level 4 of the Shoals
 34297 | Shoals:4 | Reached skill level 10 in Armour
 34739 | Shoals:4 | Got a barnacled rune of Zot
 34957 | Shoals:4 | Got the Folio of Fascination and the Pyromaniac
 35257 | Vaults:1 | Entered Level 1 of the Vaults
 36681 | Vaults:2 | Reached XP level 19. HP: 117/144 MP: 24/32
 37051 | Vaults:2 | Reached skill level 1 in Staves
 37281 | Vaults:2 | Noticed Zenata
 37306 | Vaults:2 | Killed Zenata
 37320 | Vaults:2 | Reached skill level 5 in Staves
 37720 | Vaults:2 | Found a staircase to the Crypt.
 38922 | Vaults:3 | Reached XP level 20. HP: 109/153 MP: 19/33
 39089 | Vaults:3 | Reached skill level 10 in Staves
 39301 | Vaults:3 | Noticed Nikola
 39313 | Vaults:3 | Killed Nikola
 39513 | Vaults:3 | Learned a level 4 spell: Petrify
 40304 | Vaults:4 | Found Ytinn's Jewellery Boutique.
 40398 | Vaults:4 | Found Xuggypha's General Store.
 40402 | Vaults:4 | Bought a phial of floods for 840 gold pieces
 40799 | Vaults:4 | Found Jeagaawn's Magic Scroll Emporium.
 40806 | Vaults:4 | Paralysed by a formless jellyfish for 1 turns
 40813 | Vaults:4 | Bought a scroll of enchant armour for 127 gold pieces
 40815 | Vaults:4 | Found Gozxes's Antique Weapon Emporium.
 41864 | Depths:1 | Entered Level 1 of the Depths
 41864 | Depths:1 | Found a one-way gate leading to the halls of Pandemonium.
 41942 | Depths:1 | Reached skill level 10 in Evocations
 41956 | Depths:1 | Identified the +0 kite shield of Indomitability {Harm
                  | Int+9}
 41956 | Depths:1 | Noticed Asterion
 42000 | Depths:1 | Killed Asterion
 42207 | Depths:1 | Found a one-way gate to the infinite horrors of the Abyss.
 42504 | Depths:1 | Found a gateway to Hell.
 42684 | Depths:1 | Found an ornate altar of the Wu Jian Council.
 42839 | Depths:1 | Found an iron altar of Okawaru.
 43128 | Spider:3 | Killed Honosyedgha's ghost
 43139 | Spider:3 | Identified the +0 shadow dragon scales of Nasoawk {Harm
                  | +Blink Int+2 Dex-5 Stlth++++}
 43344 | Orc:2    | Bought a runed chain mail for 202 gold pieces
 43346 | Orc:2    | Bought a shiny chain mail for 202 gold pieces
 43473 | D:9      | Bought a scroll of enchant armour for 202 gold pieces
 43643 | Depths:2 | Identified the ring "Wediozif" {Ice rPois Will+ rCorr
                  | Str-4}
 43643 | Depths:2 | Noticed Josephina
 43643 | Depths:2 | Found Nusor's Weapon Shop.
 43657 | Depths:2 | Gained mutation: You are powered by pain. [demonic
                  | ancestry]
 43657 | Depths:2 | Reached XP level 21. HP: 48/146 MP: 15/34
 43893 | Depths:2 | Reached skill level 17 in Alchemy
 44111 | Depths:2 | Found Maclohoivu's General Store.
 44285 | Depths:2 | Found Pebiw's Armour Emporium.
 44297 | Depths:2 | Found a one-way gateway to a ziggurat.
 44347 | Depths:2 | Found Dasoh's Assorted Antiques.
 44571 | Depths:2 | Noticed a golden dragon
 44584 | Depths:2 | Killed a golden dragon
 44929 | Depths:2 | Found Uniy's General Store.
 45142 | Depths:2 | Gained mutation: You occasionally lose the ability to read
                  | scrolls when taking damage. [potion of mutation]
 45142 | Depths:2 | Gained mutation: Your body sometimes deteriorates upon
                  | taking damage. [potion of mutation]
 45142 | Depths:2 | Gained mutation: You have an increased reservoir of magic.
                  | (+10% MP) [potion of mutation]
 45143 | Depths:2 | Lost mutation: You have an increased reservoir of magic.
                  | (+10% MP) [potion of mutation]
 45143 | Depths:2 | Lost mutation: Your body sometimes deteriorates upon taking
                  | damage. [potion of mutation]
 45143 | Depths:2 | Gained mutation: Your mind is acute. (Int +4, Str/Dex -1)
                  | [potion of mutation]
 45143 | Depths:2 | Gained mutation: You are weak. (Str -2) [potion of
                  | mutation]
 45144 | Depths:2 | Lost mutation: You are weak. (Str -2) [potion of mutation]
 45144 | Depths:2 | Lost mutation: You occasionally lose the ability to read
                  | scrolls when taking damage. [potion of mutation]
 45144 | Depths:2 | Gained mutation: You expend magic power (3 MP) to
                  | strengthen your wands. [potion of mutation]
 45144 | Depths:2 | Gained mutation: Your system is resistant to poisons.
                  | (rPois) [potion of mutation]
 45145 | Depths:2 | Lost mutation: You expend magic power (3 MP) to strengthen
                  | your wands. [potion of mutation]
 45145 | Depths:2 | Lost mutation: Your mind is acute. (Int +4, Str/Dex -1)
                  | [potion of mutation]
 45145 | Depths:2 | Lost mutation: Your system is resistant to poisons. (rPois)
                  | [potion of mutation]
 45145 | Depths:2 | Gained mutation: You are weak. (Str -2) [potion of
                  | mutation]
 45145 | Depths:2 | Gained mutation: You have hidden genetic potential. [potion
                  | of mutation]
 45145 | Depths:2 | Gained mutation: You have a pair of small horns on your
                  | head. [potion of mutation]
 45146 | Depths:2 | Lost mutation: You have hidden genetic potential. [potion
                  | of mutation]
 45146 | Depths:2 | Lost mutation: You have a pair of small horns on your head.
                  | [potion of mutation]
 45146 | Depths:2 | Lost mutation: You are weak. (Str -2) [potion of mutation]
 45146 | Depths:2 | Gained mutation: Your body sometimes deteriorates upon
                  | taking damage. [potion of mutation]
 45147 | Depths:2 | Lost mutation: Your body sometimes deteriorates upon taking
                  | damage. [potion of mutation]
 45147 | Depths:2 | Gained mutation: You have a somewhat thin skeletal
                  | structure. (Dex +2, Stealth+) [potion of mutation]
 45147 | Depths:2 | Gained mutation: You are weak. (Str -2) [potion of
                  | mutation]
 45147 | Depths:2 | Gained mutation: You are agile. (Dex +4, Str/Int -1)
                  | [potion of mutation]
 45147 | Depths:2 | Gained mutation: You expend magic power (3 MP) to
                  | strengthen your wands. [potion of mutation]
 45148 | Depths:2 | Lost mutation: You expend magic power (3 MP) to strengthen
                  | your wands. [potion of mutation]
 45148 | Depths:2 | Lost mutation: You have a somewhat thin skeletal structure.
                  | (Dex +2, Stealth+) [potion of mutation]
 45148 | Depths:2 | Gained mutation: You are occasionally teleported next to
                  | monsters. [potion of mutation]
 45149 | Depths:2 | Lost mutation: You are weak. (Str -2) [potion of mutation]
 45149 | Depths:2 | Lost mutation: You are occasionally teleported next to
                  | monsters. [potion of mutation]
 45149 | Depths:2 | Gained mutation: You are dopey. (Int -2) [potion of
                  | mutation]
 45149 | Depths:2 | Gained mutation: You have sharp fingernails. [potion of
                  | mutation]
 45150 | Depths:2 | Lost mutation: You are agile. (Dex +4, Str/Int -1) [potion
                  | of mutation]
 45150 | Depths:2 | Lost mutation: You are dopey. (Int -2) [potion of mutation]
 45150 | Depths:2 | Lost mutation: You have sharp fingernails. [potion of
                  | mutation]
 45150 | Depths:2 | Gained mutation: You are agile. (Dex +4, Str/Int -1)
                  | [potion of mutation]
 45150 | Depths:2 | Gained mutation: You have hidden genetic potential. [potion
                  | of mutation]
 45150 | Depths:2 | Gained mutation: You sometimes lose your temper in combat.
                  | [potion of mutation]
 45150 | Depths:2 | Gained mutation: You are very agile. (Dex +8, Str/Int -2)
                  | [potion of mutation]
 45245 | Depths:3 | Noticed Xtahua
 45257 | Depths:3 | Paralysed by Xtahua for 3 turns
 45288 | Depths:3 | Paralysed by Xtahua for 4 turns
 45297 | Depths:3 | Killed Xtahua
 45317 | Depths:3 | Identified the orb "Ydghaune" {*channel, Dex+3}
 45317 | Depths:3 | Noticed Frederick
 45352 | Depths:3 | Killed Frederick
 46202 | D:4      | Killed Menkaure
 46978 | Depths:4 | Entered Level 4 of the Depths
 46991 | Depths:4 | Found a corrupted altar of Lugonu.
 47028 | Depths:4 | Identified the +7 war axe of World's End {drain, rC+ SInv}
 47655 | D:1      | Bought a book of Misfortune for 340 gold pieces
 47661 | D:1      | Learned a level 5 spell: Yara's Violent Unravelling
 48148 | Depths:4 | Reached skill level 1 in Hexes
 48345 | Depths:4 | Reached XP level 22. HP: 134/166 MP: 31/35
 48564 | Depths:4 | Noticed a golden dragon
 48602 | Depths:4 | Killed a golden dragon
 48647 | Depths:4 | Reached skill level 5 in Hexes
 48752 | Depths:4 | Found a gate to the Realm of Zot.
 49655 | Vaults:5 | Entered Level 5 of the Vaults
 50334 | Vaults:5 | Gained mutation: Your system is resistant to poisons.
                  | (rPois) [hidden potential]
 51126 | Vaults:5 | Got a silver rune of Zot
 51264 | Vaults:5 | Identified the ring "Lampuc" {*Slow +Blink rElec EV+5
                  | Int-3}
 51272 | Vaults:5 | Reached skill level 15 in Dodging
 51292 | Vaults:5 | Gained mutation: Your presence sometimes corrodes those you
                  | injure. [demonic ancestry]
 51292 | Vaults:5 | Reached XP level 23. HP: 172/172 MP: 11/36
 51723 | Vaults:5 | Noticed a dread lich
 51735 | Vaults:5 | Killed a dread lich
 52159 | Vaults:5 | Learned a level 2 spell: Blink
 52162 | Vaults:5 | Learned a level 2 spell: Lesser Beckoning
 52169 | Vaults:5 | Identified the +0 plate armour of Courage {rCorr Str+2
                  | Int-4}
 52570 | Elf:1    | Entered Level 1 of the Elven Halls
 52584 | Elf:1    | Reached skill level 1 in Translocations
 52688 | Elf:1    | Paralysed by an air elemental for 1 turns
 52743 | Elf:1    | Reached skill level 5 in Translocations
 53614 | Elf:2    | Noticed Azrael
 53622 | Elf:2    | Killed Azrael
 53666 | Elf:2    | Gained mutation: Your muscles are strong. (Str +4, Int/Dex
                  | -1) [hidden potential]
 53666 | Elf:2    | Lost mutation: You have hidden genetic potential. [hidden
                  | potential expressed]
 53724 | Elf:2    | Reached skill level 10 in Translocations
 54000 | Elf:2    | Found a runed translucent gate.
 54000 | Elf:2    | Found a runed translucent gate.
 54000 | Elf:2    | Found a runed translucent gate.
 54242 | Elf:3    | Entered Level 3 of the Elven Halls
 54747 | Elf:3    | Reached skill level 10 in Spellcasting
 54946 | Elf:3    | Identified the +7 dagger of Fortitude {freeze, ^Contam
                  | *Corrode Fly rC++}
 55012 | Elf:3    | Learned a level 6 spell: Dispersal
 55143 | Elf:3    | Identified the +9 arbalest of Courage {penet, rElec rPois}
 55252 | Elf:3    | Identified the amulet "Wets" {RegenMP *Slow rElec rCorr
                  | Str+7}
 55254 | Elf:3    | Gained mutation: Your presence sometimes corrodes or
                  | deforms those you injure. [demonic ancestry]
 55254 | Elf:3    | Reached XP level 24. HP: 178/178 MP: 18/38
 55332 | Elf:3    | Identified the +4 scale mail "Fuodihus" {Will+ Int+6 SInv}
 55356 | Elf:3    | Got the Guide on Ozone and Impurities
 55386 | Elf:3    | Identified the staff of the Scroll {rF- rC+ rN+ rCorr Int+4
                  | Ice}
 55482 | Elf:3    | Identified the +0 chain mail of the Crypt {rPois}
 56467 | Vaults:4 | Bought a scroll of enchant weapon for 127 gold pieces
 56467 | Vaults:4 | Bought a scroll of enchant weapon for 127 gold pieces
 56523 | Vaults:4 | Bought a potion of heal wounds for 105 gold pieces
 56523 | Vaults:4 | Bought a scroll of enchant weapon for 157 gold pieces
 56859 | Zot:1    | Entered Level 1 of the Realm of Zot
 56924 | Zot:1    | Reached skill level 1 in Long Blades
 57161 | Zot:1    | Reached skill level 5 in Long Blades
 57347 | Zot:1    | Noticed Grunn
 57363 | Zot:1    | Killed Grunn
 57699 | Zot:1    | Learned a level 4 spell: Vhi's Electric Charge
 57899 | Zot:1    | Found a snail-covered altar of Cheibriados.
 57943 | Zot:1    | Reached skill level 1 in Air Magic
 58003 | Zot:1    | Found a snail-covered altar of Cheibriados.
 58220 | Zot:1    | Noticed Vv
 58256 | Zot:1    | Killed Vv
 59645 | Zot:3    | Got the Anthology of Graupel and the Sun
 60526 | Zot:3    | Reached skill level 10 in Long Blades
 60559 | Zot:3    | Learned a level 4 spell: Passage of Golubria
 60621 | Zot:3    | Noticed an orb of fire
 60630 | Zot:3    | Gained mutation: You are occasionally teleported next to
                  | monsters. [an orb of fire]
 60642 | Zot:3    | Gained mutation: You are vulnerable to heat. (rF-) [an orb
                  | of fire]
 60644 | Zot:3    | Gained mutation: Your body sometimes deteriorates upon
                  | taking damage. [an orb of fire]
 60650 | Zot:3    | Killed an orb of fire
 61274 | Zot:4    | Lost mutation: Your body sometimes deteriorates upon taking
                  | damage. [potion of mutation]
 61274 | Zot:4    | Lost mutation: You are vulnerable to heat. (rF-) [potion of
                  | mutation]
 61274 | Zot:4    | Lost mutation: You sometimes lose your temper in combat.
                  | [potion of mutation]
 61274 | Zot:4    | Gained mutation: Your mind is acute. (Int +4, Str/Dex -1)
                  | [potion of mutation]
 61274 | Zot:4    | Gained mutation: You are resistant to electric shocks.
                  | (rElec) [potion of mutation]
 61321 | Zot:4    | Noticed an orb of fire
 61331 | Zot:3    | Upgraded the game from 0.31.0-4-g52a2dc7128 to
                  | 0.31.0-9-g3a7656b989
 61353 | Zot:4    | Gained mutation: You possess an exceptional clarity of
                  | mind. [an orb of fire]
 61357 | Zot:4    | Lost mutation: Your muscles are strong. (Str +4, Int/Dex
                  | -1) [an orb of fire]
 61361 | Zot:4    | Lost mutation: You possess an exceptional clarity of mind.
                  | [an orb of fire]
 61363 | Zot:4    | Killed an orb of fire
 61386 | Zot:4    | Reached XP level 25. HP: 130/184 MP: 38/38
 61978 | Zot:4    | Noticed an orb of fire
 61981 | Zot:4    | Gained mutation: Armour fits poorly on your strangely
                  | shaped body. [an orb of fire]
 62009 | Zot:4    | Gained mutation: You are weak. (Str -2) [an orb of fire]
 62013 | Zot:4    | Killed an orb of fire
 63503 | Zot:5    | Entered Level 5 of the Realm of Zot
 63605 | Zot:5    | Noticed a Killer Klown
 63605 | Zot:5    | Noticed a dread lich
 63609 | Zot:5    | Noticed a Killer Klown
 63609 | Zot:5    | Noticed a dread lich
 63609 | Zot:5    | Noticed a dread lich
 63609 | Zot:5    | Noticed a Killer Klown
 63609 | Zot:5    | Noticed an orb of fire
 63611 | Zot:5    | Noticed an ancient lich
 63618 | Zot:5    | Got the Orb of Zot
 63619 | Zot:5    | Noticed an ancient lich
 63619 | Zot:5    | Noticed an ancient lich
 63619 | Zot:5    | Noticed a dread lich
 63620 | Zot:5    | Noticed an orb of fire
 63620 | Zot:5    | Noticed a Killer Klown
 63620 | Zot:5    | Noticed an orb of fire
 63739 | Zot:4    | Noticed Birafy the pandemonium lord
 63757 | Zot:4    | Killed Birafy the pandemonium lord
 64340 | D:$      | Escaped with the Orb!

Illustrated notes

Levels and vault maps discovered:
D:1:      amcnicky_arrival_abandoned_market, layout_basic, serial_shops, shop,
          dilly_ecumenical_altar_fadedgnrine, minmay_misc_feat_four_crosses,
          kennysheep_crisscross
D:2:      layout_loops_ring, serial_shops, nicolae_shop_hallway_plus,
          nicolae_shop_rolled_up
D:3:      layout_loops_ring, nicolae_ru_great_annihilating_truth,
          chequers_serial_rivers_micro_e
D:4:      layout_loops_ring, minmay_temple_entry_statues_pillars,
          enter_ossuary_3, uniq_menkaure
D:5:      layout_basic, gammafunk_temple_overflow_forgotten,
          guppyfry_early_orc_mine
D:6:      layout_basic, gammafunk_ghost_arena, st_stairs_12,
          kennysheep_cross_bottleneck, kennysheep_nondescript
D:7:      layout_loops_corners, grunt_ministairs_3, uniq_joseph, uniq_jeremiah
D:8:      layout_basic
D:9:      layout_irregular_city, mainiacjoe_overflow_paths, orc_0_dummy,
          enter_bailey_4, serial_shops, shop, shop, shop
D:10:     layout_loops_ring, lair_entry_dummy, uniq_psyche
D:11:     layout_loops_cross, minmay_tree_intersection,
          nicolae_nh_oracle_at_delphi
D:12:     layout_roguey, serial_shops, shop, uniq_fannar
D:13:     layout_loops_cross, uniq_rupert
D:14:     minmay_the_grid_square_5x5_3x3
          [minmay_the_grid_square_5x5_doubleslash,
          minmay_the_grid_square_5x5_slash,
          minmay_the_grid_square_5x5_two_walls_a,
          minmay_the_grid_square_5x5_six_small,
          minmay_the_grid_square_5x5_megaprize_open,
          minmay_the_grid_square_5x5_hourglass,
          minmay_the_grid_square_5x5_shuriken,
          minmay_the_grid_square_5x5_dogpile,
          minmay_the_grid_square_5x5_inner_i], layout_rooms,
          hellmonk_vaults_keyhole, good_gods_temple_1, serial_curves,
          eino_curves_02, eino_curves_01, eino_curves_03, demons_altar
D:15:     hangedman_depths_entry_try_elsewhere_first, layout_basic,
          chequers_garden, serial_bayou_crossing
Lair:1:   gammafunk_indiana_jones, layout_layer_cave, grunt_megastairs_4,
          infiniplex_staircase_pool
Lair:2:   layout_hall_layers, spider_nest_entry_a, uniq_nergalle
Lair:3:   layout_gridlike, nicolae_shoals_entry_roost, beast_lair_carwin_7
Lair:4:   layout_roguey
Lair:5:   evilmike_catoblepas_cave, layout_long_grid,
          nicolae_slime_entry_field_trip
Shoals:1: layout_shoals, nicolae_shoals_stone_sculpture_thing, uniq_mlioglotl
Shoals:2: layout_shoals, serial_shops, nicolae_shop_real_fake_doors,
          uniq_polyphemus
Shoals:3: layout_shoals
Shoals:4: shoals_end_hellmonk_lost_city
Spider:1: layout_cave_pods, guppyfry_spider_mini_2
Spider:2: layout_cave_pods, drop_trap, uniq_arachne, uniq_aizul, uniq_frances
Spider:3: layout_spider_delve, portal_ice_cave_entry_frozen_things,
          gammafunk_ghost_mausoleum
Spider:4: hellmonk_spider_rune_endless_swarm
Orc:1:    layout_caves, basic_altar, nicolae_orc_lost_temple, uniq_erica
Orc:2:    grunt_orc_community_town_hall, layout_diamond_mine,
          grunt_orc_community_big_house_2, grunt_orc_community_big_house_2,
          grunt_orc_community_house_1, grunt_orc_community_house_2,
          grunt_orc_community_house_3, grunt_orc_community_house_3,
          serial_shops, shop, nicolae_square_shop, shop, shop,
          nicolae_shop_waterfront, uniq_jorgrun
Elf:1:    nicolae_elf_arrival_fired_up, layout_loops_cross,
          hangedman_elven_crosses_minicolossus
Elf:2:    elven_hall_of_blades_hangedman_original
          [nicolae_blade_entry_sentries_behind_glass], layout_loops_ring,
          uniq_azrael
Elf:3:    elf_hall_gauntlet_wide, layout_gridlike
Vaults:1: nicolae_vaults_wrenched, nicolae_vaults_twisting_passages,
          vaults_dpeg_encased_lava, v_rooms_6, nicolae_vaults_theta,
          hangedman_vaults_stretched_pinwheel, nicolae_vaults_network_periphery,
          nicolae_vaults_storage_room_doors, layout_vaults_ring
Vaults:2: ontoclasm_vaults_spin, hangedman_vaults_stitches, v_misc_8, v_misc_1,
          vaults_dpeg_ring, hangedman_vaults_stretched_pinwheel,
          nicolae_vaults_trapezoid_lopsided_3, nicolae_vaults_three_branches,
          hangedman_vaults_maws, minmay_crypt_entry_skeletal_spiral,
          vaults_dpeg_hooks, vaults_room_corners, layout_vaults_maze_snakey,
          uniq_zenata
Vaults:3: nicolae_vaults_heart-shaped_vault, nicolae_vaults_little_squares_2,
          v_misc_22, nicolae_vaults_network_square,
          nicolae_vaults_enemy_cabinets, ontoclasm_vaults_twist,
          ontoclasm_vaults_tryst, nicolae_vaults_network_s, v_misc_2,
          vaults_room_hallway, nicolae_vaults_network_quincunx
          [nicolae_vaults_network_quincunx_subvault,
          nicolae_vaults_network_quincunx_subvault,
          nicolae_vaults_network_quincunx_subvault,
          nicolae_vaults_network_quincunx_subvault,
          nicolae_vaults_network_quincunx_subvault],
          hangedman_vaults_restitches, nicolae_vaults_shelves_hall, v_misc_25,
          layout_vaults_big_cross, uniq_nikola
Vaults:4: nicolae_vaults_house_1, hangedman_vaults_slice,
          vaults_room_ringed_pool, hangedman_vaults_capsules,
          nicolae_vaults_tetromino_L_1, layout_vaults_omnigrid, serial_shops,
          shop, shop, nicolae_square_shop, nicolae_shop_statue_plus
Vaults:5
Depths:1: layout_cave_pools, pan_entry, grunt_hell_entry_dis_old,
          minmay_room_of_horrors, hellmonk_okawaru_the_only_friend_you_need,
          nicolae_wu_jian_wuxing_cycle, uniq_asterion
Depths:2: grunt_house_of_mirrors, layout_cave_pools, enter_ziggurat_f,
          chequers_serial_rivers_micro_a, pf_coc_iceberg, pan_entry,
          serial_shops, nicolae_shop_crystal, shop_fountains, shop,
          nicolae_diamond_shop, nicolae_shop_tiny_statue_garden,
          abyss_entry_crystal, uniq_josephina
Depths:3: hangedman_arrow_trap, layout_cave_shapes,
          roderic_lattice_octagonal_star, abyss_entry, pf_dread_powers_of_hell,
          uniq_xtahua, uniq_frederick
Depths:4: grunt_zot_entry_pinwheel, layout_gridlike, abyss_entry_flame_altar,
          grunt_decor_resistance, hell_entry, nrook_mini_backslash
Zot:1:    layout_twisted_circle, regret_index_zotdec_serpentine_coiled, uniq_vv,
          uniq_grunn
Zot:2:    layout_twisted_circle, st_stairs_13
Zot:3:    layout_basic
Zot:4:    kennysheep_room_grid, layout_onion_interference
Zot:5:    layout_misc_corridors

Skill      XL: |  1  2  3  4  5  6  7  8  9 10 11 12 13 14 15 16 17 18 19 20 21 22 23 24 25 |
---------------+----------------------------------------------------------------------------+-----
Spellcasting   | 3 4 7 9 11 | 11.0
Air Magic      | 1 0 3 |  3.0
Alchemy        | 4 5 8 9 10 13 16 17 | 17.4
Fire Magic     | 3 4 5 4 |  4.7
Shields        | 1 5 4 6 7 9 10 12 13 | 13.1
Dodging        | 4 5 4 6 7 9 10 12 13 15 | 15.5
Armour         | 3 5 4 5 6 7 8 9 11 13 | 13.3
Fighting       | 7 9 10 11 12 | 12.2
Stealth        | 0 |  0.0
Conjurations   | 6 7 |  7.0
Necromancy     | 6 |  6.9
Evocations     | 8 11 | 11.2
Staves         | 9 12 | 12.0
Hexes          | 2 7 |  7.0
Translocations | 11 | 11.7
Long Blades    | 11 13 | 13.9

Action                     |  1- 3 |  4- 6 |  7- 9 | 10-12 | 13-15 | 16-18 | 19-21 | 22-24 | 25-27 || total
---------------------------+-------+-------+-------+-------+-------+-------+-------+-------+-------++-------
  Melee: Unarmed           |     1 |       |       |       |       |       |       |       |       ||     1
         Club              |    10 |     4 |       |       |       |       |       |       |       ||    14
         Kick              |     2 |     9 |    27 |    90 |   201 |   195 |   579 |   666 |   143 ||  1912
         Dagger            |       |    29 |    46 |       |       |       |       |       |       ||    75
         Punch             |       |     1 |     2 |       |       |       |       |       |       ||     3
         Trident           |       |       |    36 |   258 |   506 |       |       |       |       ||   800
         Staff             |       |       |       |       |    21 |   503 |  1099 |   935 |       ||  2558
         Demon blade       |       |       |       |       |       |       |       |   456 |   277 ||   733
   Cast: Sting             |    80 |    72 |    69 |       |       |       |       |       |       ||   221
         Mercury Vapours   |     1 |    12 |     7 |     4 |     2 |     1 |       |       |       ||    27
         Sticky Flame      |       |     2 |    21 |    73 |   135 |    91 |   104 |    98 |    24 ||   548
         Mephitic Cloud    |       |     1 |     3 |     8 |    10 |     1 |     1 |     4 |       ||    28
         Olgreb's Toxic Ra |       |       |       |    33 |    92 |   273 |   126 |   113 |     3 ||   640
         Irradiate         |       |       |       |     8 |    48 |    87 |   114 |   108 |    20 ||   385
         Sublimation of Bl |       |       |       |    25 |    42 |   217 |   121 |   106 |     3 ||   514
         Fulminant Prism   |       |       |       |       |    48 |    64 |    58 |    73 |       ||   243
         Petrify           |       |       |       |       |       |       |    31 |    13 |     5 ||    49
         Yara's Violent Un |       |       |       |       |       |       |       |    48 |     1 ||    49
         Lesser Beckoning  |       |       |       |       |       |       |       |     1 |       ||     1
         Vhi's Electric Ch |       |       |       |       |       |       |       |     5 |     3 ||     8
         Blink             |       |       |       |       |       |       |       |     2 |     2 ||     4
         Dispersal         |       |       |       |       |       |       |       |     1 |     2 ||     3
 Invoke: Sacrifice Courage |       |     1 |       |       |       |       |       |       |       ||     1
         Sacrifice Drink   |       |       |     1 |       |       |       |       |       |       ||     1
         Sacrifice Stealth |       |       |       |     1 |       |       |       |       |       ||     1
         Sacrifice Skill   |       |       |       |     1 |       |       |       |       |       ||     1
         Draw Out Power    |       |       |       |     1 |     2 |     1 |     5 |     5 |     1 ||    15
         Reject Sacrifices |       |       |       |       |     1 |       |       |       |       ||     1
         Sacrifice Love    |       |       |       |       |     1 |       |       |       |       ||     1
         Sacrifice an Eye  |       |       |       |       |     1 |       |       |       |       ||     1
         Power Leap        |       |       |       |       |       |     2 |     1 |     1 |     5 ||     9
         Apocalypse        |       |       |       |       |       |     2 |     3 |     3 |     1 ||     9
  Evoke: Wand              |       |       |       |     1 |       |     1 |     7 |    17 |     5 ||    31
         Tin of tremorston |       |       |       |       |       |     2 |     3 |     4 |     1 ||    10
         Phial of floods   |       |       |       |       |       |       |     1 |       |       ||     1
    Use: Potion            |       |     3 |     2 |     1 |       |     2 |    12 |     8 |     7 ||    35
         Scroll            |       |     1 |     6 |     1 |     9 |    10 |     6 |    16 |    10 ||    59
   Stab: Sleeping          |       |       |     1 |     1 |       |     1 |       |       |       ||     3
         Confused          |       |       |     1 |     1 |     1 |       |       |     2 |       ||     5
         Invisible         |       |       |       |       |     3 |     6 |     4 |    16 |     3 ||    32
         Distracted        |       |       |       |       |     2 |     4 |     7 |    16 |       ||    29
         Paralysed         |       |       |       |       |     4 |     3 |    18 |    20 |       ||    45
         Petrified         |       |       |       |       |       |       |    42 |    24 |    28 ||    94
         Petrifying        |       |       |       |       |       |       |     1 |     1 |     3 ||     5
 Armour: Robe              |    23 |    39 |       |       |       |       |       |       |       ||    62
         Ring mail         |       |       |    98 |   227 |   434 |   513 |   505 |   166 |       ||  1943
         Chain mail        |       |       |       |       |       |       |   152 |       |       ||   152
         Quicksilver drago |       |       |       |       |       |       |       |   464 |   159 ||   623
  Dodge: Dodged            |    23 |    25 |    55 |   220 |   316 |   635 |   742 |  1047 |   198 ||  3261
  Block: Buckler           |       |       |    13 |   102 |    43 |       |       |       |       ||   158
         Kite shield       |       |       |       |       |   360 |   656 |   868 |  1009 |   201 ||  3094

Levels and vault maps discovered:
D:1:      amcnicky_arrival_abandoned_market, layout_basic, serial_shops, shop,
          dilly_ecumenical_altar_fadedgnrine, minmay_misc_feat_four_crosses,
          kennysheep_crisscross
D:2:      layout_loops_ring, serial_shops, nicolae_shop_hallway_plus,
          nicolae_shop_rolled_up
D:3:      layout_loops_ring, nicolae_ru_great_annihilating_truth,
          chequers_serial_rivers_micro_e
D:4:      layout_loops_ring, minmay_temple_entry_statues_pillars,
          enter_ossuary_3, uniq_menkaure
D:5:      layout_basic, gammafunk_temple_overflow_forgotten,
          guppyfry_early_orc_mine
D:6:      layout_basic, gammafunk_ghost_arena, st_stairs_12,
          kennysheep_cross_bottleneck, kennysheep_nondescript
D:7:      layout_loops_corners, grunt_ministairs_3, uniq_joseph, uniq_jeremiah
D:8:      layout_basic
D:9:      layout_irregular_city, mainiacjoe_overflow_paths, orc_0_dummy,
          enter_bailey_4, serial_shops, shop, shop, shop
D:10:     layout_loops_ring, lair_entry_dummy, uniq_psyche
D:11:     layout_loops_cross, minmay_tree_intersection,
          nicolae_nh_oracle_at_delphi
D:12:     layout_roguey, serial_shops, shop, uniq_fannar
D:13:     layout_loops_cross, uniq_rupert
D:14:     minmay_the_grid_square_5x5_3x3
          [minmay_the_grid_square_5x5_doubleslash,
          minmay_the_grid_square_5x5_slash,
          minmay_the_grid_square_5x5_two_walls_a,
          minmay_the_grid_square_5x5_six_small,
          minmay_the_grid_square_5x5_megaprize_open,
          minmay_the_grid_square_5x5_hourglass,
          minmay_the_grid_square_5x5_shuriken,
          minmay_the_grid_square_5x5_dogpile,
          minmay_the_grid_square_5x5_inner_i], layout_rooms,
          hellmonk_vaults_keyhole, good_gods_temple_1, serial_curves,
          eino_curves_02, eino_curves_01, eino_curves_03, demons_altar
D:15:     hangedman_depths_entry_try_elsewhere_first, layout_basic,
          chequers_garden, serial_bayou_crossing
Lair:1:   gammafunk_indiana_jones, layout_layer_cave, grunt_megastairs_4,
          infiniplex_staircase_pool
Lair:2:   layout_hall_layers, spider_nest_entry_a, uniq_nergalle
Lair:3:   layout_gridlike, nicolae_shoals_entry_roost, beast_lair_carwin_7
Lair:4:   layout_roguey
Lair:5:   evilmike_catoblepas_cave, layout_long_grid,
          nicolae_slime_entry_field_trip
Shoals:1: layout_shoals, nicolae_shoals_stone_sculpture_thing, uniq_mlioglotl
Shoals:2: layout_shoals, serial_shops, nicolae_shop_real_fake_doors,
          uniq_polyphemus
Shoals:3: layout_shoals
Shoals:4: shoals_end_hellmonk_lost_city
Spider:1: layout_cave_pods, guppyfry_spider_mini_2
Spider:2: layout_cave_pods, drop_trap, uniq_arachne, uniq_aizul, uniq_frances
Spider:3: layout_spider_delve, portal_ice_cave_entry_frozen_things,
          gammafunk_ghost_mausoleum
Spider:4: hellmonk_spider_rune_endless_swarm
Orc:1:    layout_caves, basic_altar, nicolae_orc_lost_temple, uniq_erica
Orc:2:    grunt_orc_community_town_hall, layout_diamond_mine,
          grunt_orc_community_big_house_2, grunt_orc_community_big_house_2,
          grunt_orc_community_house_1, grunt_orc_community_house_2,
          grunt_orc_community_house_3, grunt_orc_community_house_3,
          serial_shops, shop, nicolae_square_shop, shop, shop,
          nicolae_shop_waterfront, uniq_jorgrun
Elf:1:    nicolae_elf_arrival_fired_up, layout_loops_cross,
          hangedman_elven_crosses_minicolossus
Elf:2:    elven_hall_of_blades_hangedman_original
          [nicolae_blade_entry_sentries_behind_glass], layout_loops_ring,
          uniq_azrael
Elf:3:    elf_hall_gauntlet_wide, layout_gridlike
Vaults:1: nicolae_vaults_wrenched, nicolae_vaults_twisting_passages,
          vaults_dpeg_encased_lava, v_rooms_6, nicolae_vaults_theta,
          hangedman_vaults_stretched_pinwheel, nicolae_vaults_network_periphery,
          nicolae_vaults_storage_room_doors, layout_vaults_ring
Vaults:2: ontoclasm_vaults_spin, hangedman_vaults_stitches, v_misc_8, v_misc_1,
          vaults_dpeg_ring, hangedman_vaults_stretched_pinwheel,
          nicolae_vaults_trapezoid_lopsided_3, nicolae_vaults_three_branches,
          hangedman_vaults_maws, minmay_crypt_entry_skeletal_spiral,
          vaults_dpeg_hooks, vaults_room_corners, layout_vaults_maze_snakey,
          uniq_zenata
Vaults:3: nicolae_vaults_heart-shaped_vault, nicolae_vaults_little_squares_2,
          v_misc_22, nicolae_vaults_network_square,
          nicolae_vaults_enemy_cabinets, ontoclasm_vaults_twist,
          ontoclasm_vaults_tryst, nicolae_vaults_network_s, v_misc_2,
          vaults_room_hallway, nicolae_vaults_network_quincunx
          [nicolae_vaults_network_quincunx_subvault,
          nicolae_vaults_network_quincunx_subvault,
          nicolae_vaults_network_quincunx_subvault,
          nicolae_vaults_network_quincunx_subvault,
          nicolae_vaults_network_quincunx_subvault],
          hangedman_vaults_restitches, nicolae_vaults_shelves_hall, v_misc_25,
          layout_vaults_big_cross, uniq_nikola
Vaults:4: nicolae_vaults_house_1, hangedman_vaults_slice,
          vaults_room_ringed_pool, hangedman_vaults_capsules,
          nicolae_vaults_tetromino_L_1, layout_vaults_omnigrid, serial_shops,
          shop, shop, nicolae_square_shop, nicolae_shop_statue_plus
Vaults:5
Depths:1: layout_cave_pools, pan_entry, grunt_hell_entry_dis_old,
          minmay_room_of_horrors, hellmonk_okawaru_the_only_friend_you_need,
          nicolae_wu_jian_wuxing_cycle, uniq_asterion
Depths:2: grunt_house_of_mirrors, layout_cave_pools, enter_ziggurat_f,
          chequers_serial_rivers_micro_a, pf_coc_iceberg, pan_entry,
          serial_shops, nicolae_shop_crystal, shop_fountains, shop,
          nicolae_diamond_shop, nicolae_shop_tiny_statue_garden,
          abyss_entry_crystal, uniq_josephina
Depths:3: hangedman_arrow_trap, layout_cave_shapes,
          roderic_lattice_octagonal_star, abyss_entry, pf_dread_powers_of_hell,
          uniq_xtahua, uniq_frederick
Depths:4: grunt_zot_entry_pinwheel, layout_gridlike, abyss_entry_flame_altar,
          grunt_decor_resistance, hell_entry, nrook_mini_backslash
Zot:1:    layout_twisted_circle, regret_index_zotdec_serpentine_coiled, uniq_vv,
          uniq_grunn
Zot:2:    layout_twisted_circle, st_stairs_13
Zot:3:    layout_basic
Zot:4:    kennysheep_room_grid, layout_onion_interference
Zot:5:    layout_misc_corridors

Table legend: (Time is in decaauts)
 A = Elapsed time spent in this place.
 B = Non-inter-level travel time spent in this place.
 C = Inter-level travel time spent in this place.
 D = Time resting spent in this place.
 E = Time spent auto-exploring this place.
 F = Levels seen in this place.
 G = Mean time per level.
                   A        B        C        D        E       F      G
               +--------+--------+--------+--------+--------+-----+--------+
         Total |  65141 |  57818 |   7323 |   7804 |  32383 |  50 | 1302.8 |
       Dungeon |  20783 |  16914 |   3869 |   2347 |  10513 |  15 | 1385.5 |
          Lair |   7247 |   6727 |    520 |   1224 |   4120 |   5 | 1449.4 |
        Shoals |   3482 |   3313 |    169 |     90 |   1615 |   4 |  870.5 |
   Spider Nest |   4646 |   4315 |    331 |    558 |   2272 |   4 | 1161.5 |
  Orcish Mines |   2168 |   1832 |    336 |     84 |   1087 |   2 | 1084.0 |
   Elven Halls |   3295 |   3063 |    232 |    196 |   1701 |   3 | 1098.3 |
        Vaults |   9825 |   8824 |   1001 |    716 |   4750 |   5 | 1965.0 |
        Depths |   5744 |   5090 |    654 |    696 |   2622 |   4 | 1436.0 |
           Zot |   6788 |   6581 |    207 |   1633 |   3407 |   5 | 1357.6 |
       Ossuary |    120 |    120 |      0 |     38 |      0 |   1 |  120.0 |
        Bailey |    258 |    258 |      0 |      0 |    117 |   1 |  258.0 |
      Ice Cave |    781 |    781 |      0 |    220 |    175 |   1 |  781.0 |
               +--------+--------+--------+--------+--------+-----+--------+

Top non-repeatable levels by time:
Vaults:3: 2540 daAuts
Vaults:5: 2535 daAuts
    D:14: 2466 daAuts
   Zot:4: 2335 daAuts
  Lair:1: 1934 daAuts
Depths:4: 1887 daAuts
     D:5: 1844 daAuts
Vaults:1: 1731 daAuts
  Lair:2: 1710 daAuts
   Zot:3: 1634 daAuts
     D:1: 1617 daAuts
     D:7: 1594 daAuts
   Elf:3: 1591 daAuts
   Zot:1: 1561 daAuts
     D:9: 1516 daAuts

Table legend:
 A = Kills in this place as a percentage of kills in the entire game.
 B = Kills by you in this place as a percentage of kills by you in the entire game.
 C = Kills by friends in this place as a percentage of kills by friends in the entire game.
 D = Other kills in this place as a percentage of other kills in the entire game.
 E = Experience gained in this place as a percentage of experience gained in the entire game.
 F = Experience gained in this place divided by the number of levels of this place that you have seen.
                   A       B       C       D       E      F
               +-------+-------+-------+-------+-------+----------------------
         Total | 100.0 | 100.0 |   N/A | 100.0 | 100.0 | 24324.0
       Dungeon |  16.7 |  17.1 |   N/A |   4.4 |   6.5 | 5252.6
          Lair |   8.0 |   7.8 |   N/A |  14.7 |   4.3 | 10577.4
        Shoals |   7.1 |   7.0 |   N/A |   8.8 |   6.8 | 20546.2
   Spider Nest |  12.8 |  12.9 |   N/A |   8.8 |   9.3 | 28383.2
  Orcish Mines |   7.1 |   7.1 |   N/A |   5.9 |   2.0 | 12233.0
   Elven Halls |   8.3 |   8.4 |   N/A |   7.4 |   9.9 | 40083.0
        Vaults |  19.4 |  19.1 |   N/A |  27.9 |  25.9 | 62996.8
        Depths |  11.0 |  10.9 |   N/A |  13.2 |  16.9 | 51369.0
           Zot |   7.5 |   7.5 |   N/A |   7.4 |  17.1 | 41708.0
       Ossuary |   0.2 |   0.2 |   N/A |   0.0 |   0.0 |  65.0
        Bailey |   0.7 |   0.7 |   N/A |   1.5 |   0.2 | 2710.0
      Ice Cave |   1.2 |   1.2 |   N/A |   0.0 |   1.0 | 12314.0
               +-------+-------+-------+-------+-------+----------------------
